 Dungeon Crawl Stone Soup version 0.29-a0-266-gf56f883ddd (webtiles) character file.

Game seed: 12671976966374338751

9 Zonian the Chiller (level 2, 19/19 HPs)
             Began as a Demonspawn Ice Elementalist on Mar 7, 2022.
             Was a Follower of Trog.
             Quit the game on level 1 of the Dungeon.
             The game lasted 00:00:52 (749 turns).

Zonian the Chiller (Demonspawn Ice Elementalist)     Turns: 749, Time: 00:00:52

Health: 19/19      AC:  3    Str:  8    XL:     2   Next: 3%
Magic:  5/5        EV: 12    Int: 16    God:    Trog [*.....]
Gold:   54         SH:  0    Dex: 15    Spells: 4/5 levels left

rFire   . . .      SeeInvis .   (no weapon)
rCold   . . .      Faith    .   (no shield)
rNeg    . . .      Spirit   .   a - +0 robe
rPois   .          Reflect  .   c - +0 helmet
rElec   .          Harm     .   (no cloak)
rCorr   .          Rampage  .   (no gloves)
Will    .....                   (no boots)
Stlth   +++.......              (no amulet)
HPRegen 0.06/turn               (no ring)
MPRegen 0.09/turn               (no ring)

@: no status effects
A: thin skeletal structure 1
a: Renounce Religion, Berserk


You were on level 1 of the Dungeon.
You worshipped Trog.
Trog was aware of your devotion.
You visited 1 branch of the dungeon, and saw 1 of its levels.

You collected 54 gold pieces.

Inventory:

Armour
 a - a +0 robe (worn)
 c - a +0 helmet (worn)
Potions
 b - 2 potions of magic


   Skills:
 + Level 2.0 Dodging
 + Level 2.0 Stealth
 - Level 2.1 Spellcasting
 - Level 3.7 Ice Magic


You had 4 spell levels left.
You knew the following spells:

 Your Spells              Type           Power      Damage    Failure   Level
a - Freeze                Ice            52%        1d7       4%          1

Your spell library contained the following spells:

 Spells                   Type           Power      Damage    Failure   Level
 Frozen Ramparts          Ice            26%        1d4       13%         3
 Ozocubu's Armour         Ice            13%        N/A       13%         3
 Magic Dart               Conj           4%         1d3       21%         1
 Searing Ray              Conj           2%         2d4       30%         2
 Hailstorm                Conj/Ice       7%         3d4       67%         4
 Fulminant Prism          Conj/Hex       0%         3d6       90%         4


Dungeon Overview and Level Annotations

Branches:
Dungeon (1/15)

Altars:
Trog


Innate Abilities, Weirdness & Mutations

You have a somewhat thin skeletal structure. (Dex +2, Stealth+)


Message History

An endoplasm is nearby!
Unknown command.
There is a faded altar of an unknown god here.
You freeze the endoplasm.
The endoplasm quivers.
The endoplasm is almost dead.
The endoplasm freezes you.
You are frozen.
Unknown command.
You hit the endoplasm but do no damage.
The endoplasm is almost dead.
The endoplasm misses you.
You miscast Freeze.
You are very lightly contaminated with residual magic.
Nothing appears to happen.
The endoplasm freezes you.
You are frozen.
You freeze the endoplasm.
You kill the endoplasm!
Your Dodging skill increases to level 2!
You have reached level 2!
Your demonic ancestry asserts itself...
Your bones become slightly less dense.
Unknown command.
You start resting.
Your magical contamination has completely faded away.
You start resting.
Magic restored.
Unknown command.
You start resting.
HP restored.
You start waiting.
Done waiting.
Unknown command.
There is a faded altar of an unknown god here.
You cannot tell which god this altar belongs to.
Convert to them anyway?
Trog accepts your prayer! Trog welcomes you!
You can now go berserk at will.
Are you sure you want to abandon this character and quit the game? (Confirm with "yes".)

#.....#########.#
#.....# #.#
####.....# #####
#.# ........##
#8^.#8#.#
####.....#
#.#.#.#.#
....#....#
##.....#.#
..##..>..# #....#
#.# #...#)#.#
#....###.#
#......#.#
#....@...#
.......#.#
#....#####
#.....#.# #....#
#......#.#
##.....#
.......#.#
#.#.#.#
.#.....#.#
#8..#.# ## #####
# # #


There were no monsters in sight!

Vanquished Creatures
  4 ball pythons (D:1)
  An endoplasm (D:1)
  3 goblins (D:1)
8 creatures vanquished.

Notes
Turn   | Place    | Note
-------+----------+-------------------------------------------
     0 | D:1      | Zonian the Demonspawn Ice Elementalist began the quest for
                  | the Orb.
     0 | D:1      | Reached XP level 1. HP: 13/13 MP: 3/3
   517 | D:1      | Found a faded altar of an unknown god.
   528 | D:1      | Gained mutation: You have a somewhat thin skeletal
                  | structure. (Dex +2, Stealth+) [demonic ancestry]
   528 | D:1      | Reached XP level 2. HP: 11/19 MP: 0/5
   748 | D:1      | Prayed at the altar of an unknown god.
   748 | D:1      | Became a worshipper of Trog the Wrathful
   748 | D:1      | Reached * piety under Trog
   749 | D:1      | Quit the game

Illustrated notes

Levels and vault maps discovered:
D:1:      ebering_trefoil_3fold, layout_basic,
          shapermc_ecumenical_altar_mp_highgroup

Skill      XL: |  1 |
---------------+----+-----
Stealth        | 2 |  2.0
Dodging        | 2 |  2.0
Spellcasting   | |  2.1
Ice Magic      | |  3.7

Action                   || total
-------------------------++-------
Melee: Unarmed           ||     8
 Cast: Freeze            ||    11
  Use: Scroll            ||     1
Armor: Robe              ||     2
Dodge: Dodged            ||     8

Table legend: (Time is in decaauts)
 A = Elapsed time spent in this place.
 B = Non-inter-level travel time spent in this place.
 C = Inter-level travel time spent in this place.
 D = Time resting spent in this place.
 E = Time spent auto-exploring this place.
 F = Levels seen in this place.
 G = Mean time per level.
                   A        B        C        D        E       F      G
               +--------+--------+--------+--------+--------+-----+--------+
         Total |    749 |    749 |      0 |    216 |    431 |   1 |  749.0 |
       Dungeon |    749 |    749 |      0 |    216 |    431 |   1 |  749.0 |
               +--------+--------+--------+--------+--------+-----+--------+

Top non-repeatable levels by time:
     D:1: 749 daAuts
